 Dungeon Crawl Stone Soup version 0.21.1-1-g345015fe64 (webtiles) character file.

37 Jannitor the Skirmisher (level 3, 0/29 HPs)
             Began as a Demonspawn Chaos Knight on June 12, 2018.
             Slain by an adder (4 damage)
             ... on level 1 of the Dungeon.
             The game lasted 00:02:03 (1449 turns).

Jannitor the Skirmisher (Demonspawn Chaos Knight)   Turns: 1449, Time: 00:02:04

Health: 0/29       AC:  6    Str: 12    XL:     3   Next: 21%
Magic:  3/3        EV: 11    Int: 13    God:    Xom [..*...]
Gold:   111        SH:  0    Dex: 13    Spells: 2/2 levels left

rFire    . . .     SeeInvis .   a - +0 short sword (chaos)
rCold    . . .     Gourm    .   (no shield)
rNeg     . . .     Faith    .   b - +3 leather armour
rPois    .         Spirit   .   (no helmet)
rElec    .         Reflect  .   (no cloak)
rCorr    .         Harm     .   (no gloves)
MR       .....                  (no boots)
Stlth    +.........             (no amulet)
HPRegen  0.09/turn              (no ring)
MPRegen  0.08/turn              (no ring)

@: very slightly contaminated
A: claws 1
a: Renounce Religion


You were on level 1 of the Dungeon.
You worshipped Xom.
You were a toy of Xom.
You were near starving.

You visited 1 branch of the dungeon, and saw 2 of its levels.

You collected 111 gold pieces.

Inventory:

Hand Weapons
 a - a +0 short sword of chaos (weapon)
Armour
 b - a +3 leather armour (worn)
Scrolls
 d - 2 scrolls of amnesia
 g - a scroll of immolation
 i - a scroll of fog
 k - 2 scrolls of identify
Comestibles
 c - 3 rations


   Skills:
 + Level 3.3 Fighting
 - Level 2.8 Short Blades
 + Level 2.2 Armour
 + Level 1.4 Dodging
 * Level 1.0 Unarmed Combat


You had 2 spell levels left.
You didn't know any spells.

Dungeon Overview and Level Annotations

Branches:
Dungeon (2/15)

Altars:


Innate Abilities, Weirdness & Mutations

You have sharp fingernails.


Message History

You are no longer poisoned.
The adder barely misses you.
You scratch the adder but do no damage.
The adder is heavily wounded.
The adder bites you but does no damage. x2
You completely miss the adder.
The adder is heavily wounded.
The adder bites you but does no damage.
You barely miss the adder.
The adder is heavily wounded.
The adder barely misses you.
You aren't carrying any potions.
Okay, then.
Unknown command.
Wield which item (- for none, * to show all)? (? for menu, Esc to quit)
Your +0 short sword of chaos is briefly surrounded by a scintillating aura of random colours.
a - a +0 short sword of chaos (weapon)
The adder's inner flame fades away.
The adder bites you.
You die... "It was about time."

.................##...##.# #..#.#
.................##...##.###..#.#
....##................##.........
....##.....#.....#....##.###..#.#
....##.....#.....#....##.# #..#.#
....##..#+##.............# #..#†#
............##........##.# #..#.#
....##.........S.#....##.# ####.#
....###.#.#.####@#....#### #.#
###.###.#.#.####.#....# #.#
........(.............# #.#
..........#.####.##.#.# #.#
..............##.##.#.# ###
........###.#.##.##.#.# ######..#
#.#.##.##.#.# #..#
#.#.##.##.#.########### #..#
#.....................#


You could see an adder.

Vanquished Creatures
  An adder (D:2)
  2 oozes
  A worm (D:2)
  6 bats
  A giant cockroach (D:1)
  2 goblins
  A hobgoblin (D:1)
  A kobold (D:1)
  A rat (D:1)
16 creatures vanquished.

Notes
Turn   | Place    | Note
-------+----------+-------------------------------------------
     0 | D:1      | Jannitor the Demonspawn Chaos Knight began the quest for the Orb.
     0 | D:1      | Reached XP level 1. HP: 18/18 MP: 1/1
    46 | D:1      | Reached skill level 1 in Dodging
    86 | D:1      | XOM: smoke on damage
    87 | D:1      | Gained mutation: You have sharp fingernails. [demonic ancestry]
    87 | D:1      | Reached XP level 2. HP: 8/24 MP: 2/2
   209 | D:1      | XOM: divination: detect creatures
   686 | D:1      | XOM: silly message
   869 | D:1      | XOM: divination: magic mapping
  1041 | D:2      | Reached skill level 1 in Unarmed Combat
  1041 | D:2      | Reached XP level 3. HP: 19/29 MP: 3/3
  1171 | D:2      | XOM: harmless Chrm miscast
  1242 | D:2      | XOM: mild Conj miscast
  1449 | D:1      | Slain by an adder

Skill      XL: |  1  2 |
---------------+-------+-----
Dodging        | 1 |  1.4
Armour         | 2 |  2.2
Unarmed Combat | 1 |  1.0
Fighting       | |  3.3
Short Blades   | |  2.8

Action                   || total
-------------------------++-------
Melee: Short sword       ||    27
       Unarmed           ||    88
  Use: Scroll            ||     5
       Potion            ||     4
Armor: Leather armour    ||    51
Dodge: Dodged            ||    92
